 Dungeon Crawl Stone Soup version 0.13.0-19-g8e0b589 (webtiles) character file.

735 Kejsarherre the Basher (level 7, -2/66 HPs)
             Began as an Ogre Wanderer on Oct 24, 2013.
             Slain by a sky beast (5 damage)
             ... on Level 5 of the Dungeon.
             The game lasted 00:08:25 (4535 turns).

Kejsarherre the Basher (Ogre Wanderer)              Turns: 4535, Time: 00:08:25

HP  -2/66        AC  4     Str 20      XL: 7   Next:  5%
MP  10/10        EV  9     Int 16      God:
Gold 281         SH  0     Dex  9      Spells:  0 memorised,  6 levels left

Res.Fire  : . . .   See Invis. : .   s - +1,+0 flail
Res.Cold  : . . .   Warding    : .   c - +0 robe
Life Prot.: . . .   Conserve   : .   (shield restricted)
Res.Poison: .       Res.Corr.  : +   (helmet restricted)
Res.Elec. : .       Clarity    : .   (no cloak)
Sust.Abil.: . .     Spirit.Shd : .   (gloves unavailable)
Res.Mut.  : .       Stasis     : .   (boots unavailable)
Res.Rott. : .       Flight     : .   D - amulet of resist corrosion {unknown}
Saprovore : + . .                    k - ring of flight
                                     z - +1 ring of protection

@: invisible, brilliant, very slightly contaminated, slightly resistant to
hostile enchantments, very unstealthy
A: unfitting armour, fast metabolism 1, saprovore 1, tough skin 1
a: Evoke Flight


You were on level 5 of the Dungeon.
You were very hungry.

You visited 1 branch of the dungeon, and saw 5 of its levels.

You collected 231 gold pieces.

Inventory:

Hand weapons
 b - a +0,+0 mace
 e - a +0,+0 dagger (quivered)
 n - a +0,+0 flail
 s - a +1,+0 flail (weapon)
Missiles
 E - 7 steel javelins
Armour
 c - a +0 robe (worn)
Magical devices
 A - a wand of magic darts (3)
Comestibles
 d - a meat ration
 r - 4 bread rations
Scrolls
 f - a scroll of fog {unknown}
 g - a scroll of noise {unknown}
 i - 3 scrolls of random uselessness {unknown}
 j - a scroll of curse weapon {unknown}
 l - 4 scrolls of magic mapping {unknown}
 o - 3 scrolls of fear {unknown}
 t - a scroll of remove curse {unknown}
 v - a scroll of curse jewellery {unknown}
 x - 4 scrolls of teleportation
 y - 4 scrolls of identify {unknown}
 B - a scroll of enchant armour {unknown}
 C - a scroll of recharging {unknown}
Jewellery
 k - a ring of flight (right hand)
 z - a +1 ring of protection (left hand)
 D - an amulet of resist corrosion (around neck) {unknown}
Potions
 h - 2 potions of brilliance
 p - 2 potions of curing {unknown}
 q - 2 potions of agility {unknown}
 u - a potion of speed {unknown}
 w - a potion of heal wounds {unknown}
Books
 a - a Young Poisoner's Handbook

   Spells                             Type                      Level
   Sting                              Conjuration/Poison           1
   Cure Poison                        Poison                       2
   Mephitic Cloud                     Conjuration/Poison/Air       3
   Olgreb's Toxic Radiance            Poison                       4
   Venom Bolt                         Conjuration/Poison           5


   Skills:
 * Level 5.3 Fighting
 + Level 9.3 Maces & Flails
   Level 2.1 Poison Magic
   Level 2.0 Invocations


You had 6 spell levels left.
You didn't know any spells.

Dungeon Overview and Level Annotations

Branches:
Dungeon (5/27)
 Temple: D:4-7

Altars:


Innate Abilities, Weirdness & Mutations

You are too large for most types of armour.
You have a fast metabolism.
You can tolerate rotten meat.
You have tough skin (AC +1).


Message History

* * * LOW HITPOINT WARNING * * *
You barely miss it. It hits you.
* * * LOW HITPOINT WARNING * * *
It shocks you.
* * * LOW HITPOINT WARNING * * *
You closely miss it. It hits you.
* * * LOW HITPOINT WARNING * * *
It shocks you!
* * * LOW HITPOINT WARNING * * *
You miss it. It hits you but does no damage.
You closely miss it. It hits you.
* * * LOW HITPOINT WARNING * * *
It shocks you.
* * * LOW HITPOINT WARNING * * *
Drink which item? (? for menu, Esc to quit)
You feel more clever all of a sudden.
It was a potion of brilliance.
It hits you.
* * * LOW HITPOINT WARNING * * *
It shocks you.
You die...

..........................
.....###..................#
.....###.........#........#
.....##.....######........#
.....##...#...............#
.....##...#.....!.........#
............................
..................#.......
#..........#..@.?#.......
#..........#.....(......[
#..........#............
#......................
#.................#...
###.................#..
..............#.......
..............#......
..............#.....


There were no monsters in sight!

Vanquished Creatures
  A phantom (D:4)
  A crimson imp (D:3)
  An orc priest (D:3)
  An iguana (D:4)
  A giant frog skeleton (D:4)
  An orc wizard (D:3)
  A hound (D:4)
  A hound skeleton (D:5)
  5 adders
  A gnoll (D:1)
  A giant mite (D:1)
  2 worms
  6 giant geckos
  7 orcs
  5 bats
  A bat skeleton (D:5)
  3 giant cockroaches
  7 goblins
  12 hobgoblins
  7 jackals
  9 kobolds
  A quokka (D:2)
  6 giant newts
  A hobgoblin skeleton (D:5)
  4 rats (D:1)
86 creatures vanquished.

Notes
Turn   | Place    | Note
--------------------------------------------------------------
     0 | D:1      | Kejsarherre, the Ogre Wanderer, began the quest for the Orb.
     0 | D:1      | Reached XP level 1. HP: 18/18 MP: 2/2
   268 | D:1      | Reached XP level 2. HP: 20/26 MP: 3/3
   379 | D:1      | Reached skill level 6 in Maces & Flails
   665 | D:1      | Reached XP level 3. HP: 19/32 MP: 5/5
  1256 | D:2      | Reached skill level 7 in Maces & Flails
  1261 | D:2      | Reached XP level 4. HP: 38/40 MP: 6/6
  1878 | D:3      | Reached XP level 5. HP: 19/48 MP: 7/7
  2433 | D:4      | Reached skill level 8 in Maces & Flails
  2988 | D:3      | Reached XP level 6. HP: 48/58 MP: 9/9
  3488 | D:4      | Noticed a phantom
  3513 | D:4      | Killed a phantom
  3513 | D:4      | Reached skill level 9 in Maces & Flails
  3725 | D:4      | Reached skill level 5 in Fighting
  3963 | D:4      | Reached XP level 7. HP: 54/66 MP: 10/10
  4129 | D:5      | Entered Level 5 of the Dungeon
  4535 | D:5      | HP: 3/66 [something (3)]
  4535 | D:5      | Slain by a sky beast

Action                   |  1- 3 |  4- 6 |  7- 9 || total
-------------------------+-------+-------+-------++-------
Melee: Mace              |   106 |       |       ||   106
       Flail             |    33 |   183 |    41 ||   257
Evoke: Wand              |       |     6 |     1 ||     7
  Use: Potion            |       |       |     2 ||     2
 Stab: Invisible         |       |       |     1 ||     1
